 Dungeon Crawl Stone Soup version 0.21.1-1-g345015fe64 (webtiles) character file.

214 Holzbalken the Cudgeler (level 5, -16/33 HPs)
             Began as a Gargoyle Monk on July 16, 2018.
             Killed from afar by error's ghost (23 damage)
             ... with a flame tongue
             ... on level 3 of the Dungeon.
             The game lasted 00:07:51 (2556 turns).

Holzbalken the Cudgeler (Gargoyle Monk)             Turns: 2556, Time: 00:07:51

Health: -16/33     AC: 13    Str: 16    XL:     5   Next: 91%
Magic:  5/5        EV:  4    Int: 10    God:
Gold:   94         SH:  7    Dex: 12    Spells: 4/4 levels left

rFire    . . .     SeeInvis .   a - +0 mace
rCold    . . .     Gourm    .   s - +0 shield
rNeg     + . .     Faith    .   h - +0 chain mail
rPois    ∞         Spirit   .   (no helmet)
rElec    +         Reflect  .   (no cloak)
rCorr    .         Harm     .   (no gloves)
MR       .....                  o - +0 pair of boots
Stlth    ..........             (no amulet)
HPRegen  0.11/turn              (no ring)
MPRegen  0.09/turn              (no ring)

@: no status effects
A: negative energy resistance 1, electricity resistance, unbreathing,
petrification resistance, rot immunity, AC +4
a: no special abilities


You were on level 3 of the Dungeon.
You were hungry.

You visited 1 branch of the dungeon, and saw 3 of its levels.

You collected 94 gold pieces.

Inventory:

Hand Weapons
 a - a +0 mace (weapon)
Armour
 b - a +0 robe
 h - a +0 chain mail (worn)
 o - a +0 pair of boots (worn)
 s - a +0 shield (worn)
Jewellery
 l - an uncursed ring of flight {unknown}
 n - a cursed ring of teleportation {unknown}
Scrolls
 d - a scroll of fog {unknown}
 f - 4 scrolls of identify {unknown}
 g - a scroll of magic mapping {unknown}
 i - a scroll of enchant armour {unknown}
 j - a scroll of noise {unknown}
 k - a scroll of amnesia {unknown}
 q - a scroll of remove curse {unknown}
 r - 2 scrolls of enchant weapon {unknown}
Potions
 e - 2 potions of agility {unknown}
 m - a potion of degeneration {unknown}
 p - 2 potions of might {unknown}
 t - a potion of haste {unknown}
Comestibles
 c - 4 rations


   Skills:
 - Level 4.1 Fighting
 + Level 5.3 Maces & Flails
 - Level 1.6 Armour
 - Level 2.7 Dodging
 - Level 2.3 Stealth
 - Level 0.3 Shields


You had 4 spell levels left.
You didn't know any spells.

Dungeon Overview and Level Annotations

Branches:
Dungeon (3/15)

Altars:
Dithmenos
Okawaru

Annotations:
D:3 error's ghost, amateur OpFE


Innate Abilities, Weirdness & Mutations

You are resistant to torment.
Your stone body is resilient. (AC +4)
You are immune to poison.
You resist negative energy. (rN+)
You are resistant to electric shocks. (rElec)
You can survive without breathing.
You are immune to petrification.
You are immune to rotting.


Message History

You miss error's ghost.
Error's ghost is almost destroyed.
Error's ghost casts a spell at you. The puff of flame hits you!
Your shield prevents you from hitting error's ghost.
Error's ghost is almost destroyed.
Error's ghost stares at you and mumbles some strange words.
You block the puff of flame. Error's ghost hits you.
* * * LOW HITPOINT WARNING * * *
Error's ghost freezes you.
* * * LOW HITPOINT WARNING * * *
Your shield and chain mail prevent you from hitting error's ghost.
Error's ghost is almost destroyed.
Error's ghost hits you but does no damage.
You hit error's ghost.
Error's ghost is almost destroyed.
Error's ghost stares at you and mumbles some strange words.
The flame tongue hits you!
Ouch! That really hurt!
You die...

##.###..# #W#
#.#....#####. #.#
.#.#...........#.#
.....#.######.##.##
###.##..###...##..#
..#.........# ##.#
#.....##..### #.#
#..#.####...#####W###
.....# ###...#.@...#
.##..########.......#
###......# ##......#
#.####.# ##....(#
#.####.### #.....#
#.#......# #.....#
#........# #.....#
#......# #.....#
#.....<# #######


You could see error's ghost.

Vanquished Creatures
  A centaur (D:3)
  An orc priest (D:3)
  An orc wizard (D:3)
  An adder (D:3)
  2 worms (D:2)
  2 dart slugs
  3 leopard geckos
  3 orcs (D:3)
  4 giant cockroaches
  2 goblins (D:1)
  9 hobgoblins
  4 jackals (D:1)
  4 kobolds (D:1)
  5 bats (D:1)
  3 frilled lizards
  6 rats
51 creatures vanquished.

Notes
Turn   | Place    | Note
-------+----------+-------------------------------------------
     0 | D:1      | Holzbalken the Gargoyle Monk began the quest for the Orb.
     0 | D:1      | Reached XP level 1. HP: 14/14 MP: 1/1
   167 | D:1      | Reached XP level 2. HP: 19/19 MP: 2/2
   732 | D:1      | Reached XP level 3. HP: 23/24 MP: 3/3
  1579 | D:2      | Found an iron altar of Okawaru.
  1638 | D:2      | Found a shadowy altar of Dithmenos.
  1896 | D:3      | Reached skill level 4 in Maces & Flails
  1896 | D:3      | Reached XP level 4. HP: 25/29 MP: 4/4
  1937 | D:3      | Noticed a centaur
  1946 | D:3      | Killed a centaur
  1946 | D:3      | Reached skill level 1 in Armour
  1946 | D:3      | Reached XP level 5. HP: 15/33 MP: 5/5
  2159 | D:3      | Reached skill level 5 in Maces & Flails
  2166 | D:3      | Noticed error's ghost (amateur OpFE)
  2556 | D:3      | Killed from afar by error's ghost

Skill      XL: |  1  2  3  4  5 |
---------------+----------------+-----
Maces & Flails | 4 5 |  5.3
Fighting       | 4 |  4.1
Armour         | 1 |  1.6
Dodging        | |  2.7
Stealth        | |  2.3
Shields        | |  0.3

Action                   |  1- 3 |  4- 6 || total
-------------------------+-------+-------++-------
Melee: Mace              |   148 |    83 ||   231
  Eat: Chunk             |     3 |     2 ||     5
Armor: Robe              |    29 |       ||    29
       Chain mail        |   104 |    94 ||   198
Dodge: Dodged            |    94 |    11 ||   105
Block: Shield            |     8 |    37 ||    45
